AoeStats
← Gorp

Arabia

504857655Analyzed
1v1 RM · 27d ago on Sep 6, 2026· 19m 30s· 2 players
Game mode
Random Map
Map size
Tiny (2 player)
Population
200
Speed
Normal
Resources
Standard
Victory
Conquest
Starting age
Dark Age
Ending age
Imperial Age
RankedLock teamsTeams togetherTeam positionsShared explorationLock speedFull tech treeHidden civsTurbo modeCheats
Victory
Defeat
🇨🇦 Berbers · Canada
519
+17
🇧🇷 Lithuanians · Brazil
535
-17
Gorp
7:33 Loom
9:49 Feudal Age
11:13 Double-Bit Axe
11:27 Horse Collar
14:56 Fletching
19:43 Wheelbarrow
biribex
6:50 Loom
10:33 Feudal Age
14:20 Double-Bit Axe
17:34 Wheelbarrow
Connection lost

Rejoining the realm…

Still unreachable

The connection could not be restored.

Session expired

The server has moved on; the page needs a fresh start.